[Event "Titled Tuesday Blitz January 03 Early 2023"]
[White "Krienke, Makaio"]
[Black "Karttunen, Mika"]
[WhiteFideId "2038854"]
[BlackFideId "502081"]
[WhiteElo "2115"]
[BlackElo "2490"]
[Result "0-1"]
[Round "05"]
[TimeControl "180+2"]
[Date "2023.01.03"]
[WhiteClock "0:00:18"]
[BlackClock "0:00:47"]

1. e4 e6 2. d4 d5 3. Nc3 Bb4 4. e5 c5 5. a3 Bxc3+ 6. bxc3 Qa5 7. Bd2 Qa4 8. Nf3 b6 9. Bd3 h6 10. O-O Ne7 11. Qb1 Ba6 12. Qb2 Bxd3 13. cxd3 Nd7 14. c4 dxc4 15. dxc4 Qxc4 16. Rfc1 Qa4 17. dxc5 Nxc5 18. Bb4 Nd3 19. Qc2 Qxc2 20. Rxc2 Nd5 21. Bd6 Kd7 22. g3 Rhc8 23. Rd2 Nc5 24. Nd4 Ne4 25. Rd3 Nxd6 26. exd6 Kxd6 27. Rad1 g6 28. h4 h5 29. Nb5+ Ke7 30. a4 Rc5 31. Kg2 a6 32. Nd4 Rac8 33. Rf3 Rc3 34. Re1 Rxf3 35. Kxf3 Rc4 36. Re4 Kd7 37. Nxe6 Rc3+ 38. Kg2 fxe6 0-1


[Site "https://www.chess.com"]

[Event "Titled Tuesday Blitz January 03 Early 2023"]
[White "Odegov, Artem"]
[Black "Jovic, Stanoje"]
[WhiteFideId "34183644"]
[BlackFideId "905020"]
[WhiteElo "2261"]
[BlackElo "2075"]
[Result "1-0"]
[Round "05"]
[TimeControl "180+2"]
[Date "2023.01.03"]
[WhiteClock "0:00:21"]
[BlackClock "0:00:02"]

1. d4 Nf6 2. c4 e6 3. Nf3 b6 4. g3 Ba6 5. b3 Bb4+ 6. Bd2 Be7 7. Bg2 d5 8. O-O c6 9. Bc3 dxc4 10. Ne5 Nd5 11. bxc4 Nxc3 12. Nxc3 Qc8 13. Qa4 Bb7 14. Rab1 O-O 15. Rfd1 c5 16. d5 Bf6 17. f4 Bxe5 18. fxe5 Nd7 19. dxe6 Nxe5 20. e7 Re8 21. Rd8 Rxd8 22. exd8=Q+ Qxd8 23. Bxb7 Qd4+ 24. Kg2 Rf8 25. Nb5 Qe3 26. Qc2 a6 27. Nd6 Rd8 28. Nf5 Qg5 29. Rd1 Rxd1 30. Qxd1 g6 31. Nh4 Nxc4 32. Qd3 b5 33. Nf3 Qf6 34. Bd5 Nd6 35. Qe3 c4 36. Ne5 Nf5 37. Qf4 c3 38. Bb3 Kg7 39. Kf2 Nd6 40. Qxf6+ Kxf6 41. Nd7+ Ke7 42. Ne5 f6 43. Nf3 a5 44. Ke3 Nf5+ 45. Kd3 b4 46. e4 Nd6 47. e5 Nb7 48. exf6+ Kxf6 49. Kd4 Kf5 50. Ng1 1-0


[Site "https://www.chess.com"]

[Event "Titled Tuesday Blitz January 03 Early 2023"]
[White "Najdin, Danil"]
[Black "Maltsevskaya, Aleksandra"]
[WhiteFideId "4172426"]
[BlackFideId "24174041"]
[WhiteElo "2235"]
[BlackElo "2390"]
[Result "1-0"]
[Round "05"]
[TimeControl "180+2"]
[Date "2023.01.03"]
[WhiteClock "0:00:12"]
[BlackClock "0:00:02"]

1. e4 c6 2. d4 d5 3. exd5 cxd5 4. Bd3 Nc6 5. c3 Qc7 6. h3 Nf6 7. Nf3 g6 8. O-O Bf5 9. Re1 e6 10. Bb5 Bd6 11. Ne5 Bxe5 12. Rxe5 Nd7 13. Re1 Bxb1 14. Rxb1 O-O-O 15. Qf3 e5 16. Qxf7 exd4 17. Bf4 Qb6 18. Qxd5 Nc5 19. Qc4 Rhf8 20. Bg5 Na5 21. Bxd8 Rxd8 22. Qb4 d3 23. a4 d2 24. Red1 Nc6 25. Qg4+ Kb8 26. Rxd2 Rxd2 27. Qf4+ Ka8 28. Qxd2 a6 29. Bxc6 Qxc6 30. a5 Nb3 31. Qd8+ Ka7 32. Re1 Qc5 33. Re8 Qxa5 34. Qb8+ Kb6 35. Re6+ Kb5 36. Qxb7+ 1-0


[Site "https://www.chess.com"]

[Event "Titled Tuesday Blitz January 03 Early 2023"]
[White "djokovic74"]
[Black "Sadovsky, Artem"]
[BlackFideId "4155840"]
[WhiteElo "2575"]
[BlackElo "2276"]
[Result "0-1"]
[Round "05"]
[TimeControl "180+2"]
[Date "2023.01.03"]
[WhiteClock "0:00:21"]
[BlackClock "0:00:20"]

1. e4 g6 2. d4 Bg7 3. Nf3 d6 4. Nc3 e5 5. dxe5 dxe5 6. Qxd8+ Kxd8 7. Bc4 f6 8. Be3 Nd7 9. O-O-O Bh6 10. Rhe1 c6 11. a4 Ke7 12. Kb1 Bxe3 13. Rxe3 a5 14. Ne1 Nh6 15. Nd3 Nf7 16. Bxf7 Kxf7 17. Rf1 Ke7 18. g3 Nb6 19. b3 Bh3 20. Rg1 h5 21. f4 Nd7 22. Kb2 Rad8 23. Nf2 Be6 24. Nd3 g5 25. fxe5 fxe5 26. Rf3 Rhf8 27. Rgf1 Bh3 28. Rxf8 Rxf8 29. Rxf8 Kxf8 30. Kc1 Be6 31. Kd2 Ke7 32. Ke3 Kd6 33. Nb1 b5 34. axb5 cxb5 35. Nc3 Kc6 36. Kd2 b4 37. Na4 Kd6 38. Ke3 Nf6 39. Nf2 Bd7 40. Nb2 Bb5 41. h4 gxh4 42. gxh4 Bf1 43. Nbd1 Kc5 44. Nb2 Bb5 45. Nfd3+ Kd6 46. Nf2 Nd7 47. Nbd3 Nb6 48. Nh1 Bd7 49. Ng3 Bg4 50. Nf1 Bd1 51. Kd2 Bf3 52. Ng3 Ke6 53. Ke3 Bd1 54. Kd2 Bg4 55. Nc5+ Kf6 56. Nb7 a4 57. bxa4 Nxa4 58. Na5 Nc5 59. Nc6 b3 60. cxb3 Nxb3+ 61. Ke3 Nc5 62. Na5 Be6 63. Nxh5+ Kg6 64. Ng3 Bf7 65. Nc6 Kf6 66. Nb4 Bc4 67. Kf3 Bb3 68. Nd5+ Ke6 69. Ne3 Kf6 70. Ng4+ Ke6 71. h5 Bd1+ 72. Ke3 Bxg4 73. h6 Kf7 74. h7 Kg7 75. Nh1 Kxh7 76. Nf2 Be6 77. Kd2 Kg6 78. Kc3 Kg5 79. Kb4 Nd7 80. Nd3 Bh3 81. Kb3 Bf1 82. Nxe5 Nxe5 83. Kc3 Kf4 84. Kd4 Bg2 85. Kc3 Bf3 86. Kd4 Bxe4 87. Kc3 Ke3 88. Kb3 Kd4 89. Kb4 Bd3 90. Kb3 Nc6 91. Ka3 Kc3 92. Ka2 Nb4+ 93. Ka1 Nc2+ 94. Ka2 Bc4+ 95. Kb1 Bd5 96. Kc1 Ba2 97. Kd1 Nd4 98. Ke1 Kd3 99. Kd1 Ne2 100. Ke1 Ke3 101. Kd1 Bb3+ 102. Ke1 Nd4 103. Kf1 Bd5 104. Ke1 Bf3 105. Kf1 Nc2 106. Kg1 Ke4 107. Kf2 Kf4 108. Kf1 Kg3 109. Kg1 Be2 110. Kh1 Na3 111. Kg1 Nb5 112. Kh1 Na7 113. Kg1 Nc8 114. Kh1 Ne7 115. Kg1 Ng6 116. Kh1 Nh8 117. Kg1 Nf7 118. Kh1 Nh6 119. Kg1 Nf5 120. Kh1 Nh4 121. Kg1 Nf3+ 122. Kh1 Nd2 123. Kg1 Bf1 124. Kh1 Bh3 125. Kg1 Nf3+ 126. Kh1 Bg2# 0-1


[Site "https://www.chess.com"]

[Event "Titled Tuesday Blitz January 03 Early 2023"]
[White "Levitskiy, Andrey"]
[Black "Avazkhonov, Alikhon"]
[WhiteFideId "14132885"]
[BlackFideId "14208504"]
[WhiteElo "2304"]
[BlackElo "1538"]
[Result "1-0"]
[Round "05"]
[TimeControl "180+2"]
[Date "2023.01.03"]
[WhiteClock "0:00:05"]
[BlackClock "0:00:01"]

1. e4 c5 2. Nf3 d6 3. d4 cxd4 4. Nxd4 Nf6 5. Nc3 a6 6. g3 e5 7. Nb3 Be7 8. Bg2 O-O 9. O-O b5 10. Re1 Bb7 11. a4 b4 12. Nd5 Nxd5 13. exd5 a5 14. Bd2 Nd7 15. c3 bxc3 16. Bxc3 Qb6 17. Ra3 Nc5 18. Nd2 Nd3 19. Re3 Nxf2 20. Kxf2 Bg5 21. Nc4 Qc5 22. Qg4 h6 23. h4 f5 24. Qe2 f4 25. hxg5 fxe3+ 26. Kg1 Rf2 27. Qxe3 Rxg2+ 28. Kxg2 Qxd5+ 29. Kf2 Rf8+ 30. Ke1 Qxc4 31. Qe2 Qc5 32. Kd1 Qg1+ 33. Be1 Rf1 34. gxh6 Ba6 35. Qd2 gxh6 36. Qd5+ Kg7 37. Qd2 Qd4 38. Qxd4 exd4 39. Rb3 d3 40. Rb6 Bc4 41. Kd2 Rh1 42. Rxd6 Rh2+ 43. Ke3 Re2+ 44. Kd4 Rxe1 45. Kxc4 Re4+ 46. Kxd3 Rxa4 47. Kc3 Rg4 48. Rd3 h5 49. b3 Kg6 50. Kb2 Kg5 51. Rd5+ Kg6 52. Rxa5 Rxg3 53. Ra8 h4 54. Rh8 Kg5 55. b4 h3 56. b5 Rg2+ 57. Kb3 h2 58. b6 Kf4 59. b7 Rg8 60. Rxg8 h1=Q 61. b8=Q+ 1-0


[Site "https://www.chess.com"]

[Event "Titled Tuesday Blitz January 03 Early 2023"]
[White "Valle Maytin, Luis Enrique"]
[Black "Vlassov, Nikolai"]
[WhiteFideId "3503666"]
[BlackFideId "4103360"]
[WhiteElo "2241"]
[BlackElo "2283"]
[Result "0-1"]
[Round "05"]
[TimeControl "180+2"]
[Date "2023.01.03"]
[WhiteClock "0:00:16"]
[BlackClock "0:00:16"]

1. e4 c5 2. Nf3 d6 3. d4 cxd4 4. Nxd4 Nf6 5. Nc3 g6 6. Bc4 Bg7 7. f3 a6 8. Be3 O-O 9. Qd2 b5 10. Bb3 Bb7 11. O-O-O b4 12. Nce2 e5 13. g4 exd4 14. Nxd4 a5 15. h4 a4 16. Bc4 d5 17. Qxb4 Qc8 18. exd5 Bxd5 19. Bd3 Bxa2 20. Qa3 Bc4 21. g5 Nd5 22. Bf2 Re8 23. h5 Bf8 24. Qa1 a3 25. b3 Bxd3 26. Rxd3 Nb4 27. Rdd1 Bg7 28. c4 N8c6 29. h6 Bxd4 30. Bxd4 Qf5 31. Rd2 Nxd4 32. Qxd4 Qe5 33. Qxe5 Rxe5 34. Kb1 Rxg5 35. Rhd1 Kf8 36. Rd7 a2+ 37. Kb2 Rg2+ 38. Ka1 Nc2+ 39. Kb2 Ne3+ 40. Ka1 Nxd1 41. Rxd1 Rf2 42. b4 Rxf3 43. b5 Rb3 44. Rc1 f5 45. c5 Rxb5 46. c6 Rb1+ 47. Rxb1 axb1=Q+ 48. Kxb1 Rc8 49. c7 Rxc7 50. Kb2 f4 0-1


[Site "https://www.chess.com"]

[Event "Titled Tuesday Blitz January 03 Early 2023"]
[White "Begunov, Konstantin"]
[Black "Goroshkov, Maksym"]
[WhiteFideId "4118510"]
[BlackFideId "14142716"]
[WhiteElo "2325"]
[BlackElo "2287"]
[Result "0-1"]
[Round "05"]
[TimeControl "180+2"]
[Date "2023.01.03"]
[WhiteClock "0:00:26"]
[BlackClock "0:00:29"]

1. d4 Nf6 2. c4 e5 3. dxe5 Ng4 4. Nf3 Nc6 5. Nc3 Ngxe5 6. e3 Bb4 7. Bd2 O-O 8. Be2 d6 9. a3 Bxc3 10. Bxc3 Be6 11. Nxe5 Nxe5 12. Bxe5 dxe5 13. O-O c6 14. Qc2 Qe7 15. Rfd1 Rfd8 16. h3 Rxd1+ 17. Rxd1 Rd8 18. b4 g6 19. c5 Kg7 20. Rd2 Rd7 21. Qb2 f6 22. a4 Qd8 23. Rxd7+ Qxd7 24. b5 Qd5 25. bxc6 bxc6 26. Qb7+ Kh6 27. Qxa7 Qd2 28. Qa6 Qe1+ 29. Bf1 Bd5 30. Qe2 Qa5 31. Qg4 Qxc5 32. Qh4+ Kg7 33. Qg4 Qa7 34. Qb4 c5 35. Qb5 Be6 36. Bc4 Bd7 37. Qb2 Qxa4 38. Qc3 Qb4 39. Qd3 Bc6 40. Be6 Qe1+ 41. Qf1 Qxf1+ 42. Kxf1 Kf8 43. g3 Ke7 44. Bc4 Kd6 45. Ke2 Bd5 46. Bb5 c4 47. Kd2 Kc5 48. Be8 Kb4 49. Kc1 c3 50. h4 Kc4 51. h5 gxh5 52. Bxh5 Kd3 53. Bg4 h6 54. Bh5 f5 55. Bd1 Be4 56. Bh5 Kc4 57. Be2+ Kd5 58. Bh5 Bd3 59. Bd1 Ke4 60. Bh5 Kd5 61. Bf3+ Ke6 62. Bh5 Kf6 63. Be8 Kg5 64. Bd7 f4 65. exf4+ exf4 66. gxf4+ Kxf4 67. Bh3 Kf3 68. Be6 Kxf2 69. Bg4 Kg3 70. Bh5 Kh4 71. Bf7 h5 72. Be6 Kg3 73. Bd5 h4 74. Bh1 h3 75. Bd5 h2 76. Bh1 Kf2 77. Bd5 Kg1 78. Kd1 h1=Q 79. Bxh1 Kxh1 80. Kc1 Kg2 81. Kd1 Kf2 82. Kc1 Ke3 83. Kd1 Kd4 84. Kc1 Kc4 85. Kd1 Kb3 86. Kc1 Bh7 87. Kd1 Kb2 88. Ke2 c2 89. Kd2 c1=Q+ 0-1


[Site "https://www.chess.com"]

[Event "Titled Tuesday Blitz January 03 Early 2023"]
[White "Guzman, Christopher"]
[Black "Ansh M Shah"]
[WhiteFideId "6405096"]
[BlackFideId "25033379"]
[WhiteElo "2271"]
[BlackElo "2171"]
[Result "0-1"]
[Round "05"]
[TimeControl "180+2"]
[Date "2023.01.03"]
[WhiteClock "0:01:32"]
[BlackClock "0:01:31"]

1. e4 c6 2. d4 d5 3. exd5 cxd5 4. Bd3 Nf6 5. c3 Nc6 6. Bf4 g6 7. h3 Bg7 8. Nf3 O-O 9. Nbd2 Bf5 10. Bxf5 gxf5 11. g4 Qd7 12. Ne5 Nxe5 13. Bxe5 fxg4 14. Rg1 h5 15. Bxf6 exf6 16. hxg4 Rfe8+ 17. Kf1 Bh6 18. Nf3 hxg4 19. Nh4 f5 20. Qd3 Re4 21. Re1 Rae8 22. Rxe4 Rxe4 23. f3 Rf4 24. Ke2 Bg5 25. fxg4 Bxh4 26. gxf5+ Kf8 27. Kd1 Qxf5 28. Qb5 Bg5 29. a4 Rf2 30. Qc5+ Kg7 0-1


[Site "https://www.chess.com"]

[Event "Titled Tuesday Blitz January 03 Early 2023"]
[White "Degenbaev, Aziz"]
[Black "Aldokhin, Ivan"]
[WhiteFideId "13802640"]
[BlackFideId "24115720"]
[WhiteElo "2203"]
[BlackElo "2413"]
[Result "0-1"]
[Round "05"]
[TimeControl "180+2"]
[Date "2023.01.03"]
[WhiteClock "0:00:05"]
[BlackClock "0:00:21"]

1. e4 c5 2. Nf3 e6 3. d4 cxd4 4. Nxd4 a6 5. Bd3 Qc7 6. O-O Nf6 7. c4 d6 8. Nc3 Be7 9. f4 b6 10. Be3 Bb7 11. Rc1 O-O 12. b3 Nbd7 13. Bb1 Rfe8 14. h3 Bf8 15. Nf3 Nc5 16. Nd2 Rad8 17. b4 Ncd7 18. g4 g6 19. Qe2 Qb8 20. Qf2 Ba8 21. f5 Bg7 22. g5 Nh5 23. f6 Bf8 24. Bd3 d5 25. cxd5 exd5 26. Nxd5 Bxd5 27. exd5 Bxb4 28. Nb3 Qg3+ 29. Qxg3 Nxg3 30. Rf3 Ne5 31. Rxg3 Nxd3 32. Rd1 Rxd5 33. Bxb6 Nf4 34. Rxd5 Nxd5 35. Bc5 h6 36. h4 Be1 37. Rg4 h5 38. Rd4 Ne3 39. Rd3 Nf5 40. Be7 Bxh4 41. Nc5 Nxe7 42. Re3 Bxg5 43. Rxe7 Rxe7 44. fxe7 Bxe7 45. Nxa6 Bd6 46. a4 g5 47. Kf2 g4 48. Ke3 h4 49. Kf2 h3 50. Kg1 f5 51. a5 f4 52. Kh1 f3 0-1


[Site "https://www.chess.com"]

[Event "Titled Tuesday Blitz January 03 Early 2023"]
[White "Maevsky, Nikolay"]
[Black "Kaplan, Avi Harrison"]
[WhiteFideId "4198220"]
[BlackFideId "30934559"]
[WhiteElo "2277"]
[BlackElo "2146"]
[Result "1-0"]
[Round "05"]
[TimeControl "180+2"]
[Date "2023.01.03"]
[WhiteClock "0:00:32"]
[BlackClock "0:00:15"]

1. d4 Nf6 2. Nf3 b5 3. Bf4 Bb7 4. e3 a6 5. Nbd2 e6 6. h3 c5 7. c3 Be7 8. Bd3 d6 9. O-O Nbd7 10. a4 b4 11. Re1 O-O 12. Bh2 Qc7 13. Rc1 Rfd8 14. cxb4 Qb6 15. bxc5 dxc5 16. Nc4 Qa7 17. Bc7 Rdc8 18. Bd6 Bd8 19. Nfe5 cxd4 20. exd4 Nb6 21. Bc5 a5 22. Nd6 Rcb8 23. Nb5 Qa6 24. Nc7 Qa7 25. Nxa8 Bxa8 26. Bb5 Rc8 27. f3 Qb7 28. Qd2 Nbd5 29. Nc4 Be7 30. Nxa5 Qc7 31. Bxe7 Qb8 32. Bxf6 Nxf6 33. Bc6 Bxc6 34. Nxc6 Qc7 35. Ne7+ Qxe7 36. Rxc8+ Ne8 37. Qc3 g6 38. Qc6 Kf8 39. Qc5 Qxc5 40. dxc5 Ke7 41. Rxe8+ Kxe8 42. b4 Kf8 43. h4 Kg7 44. c6 e5 45. b5 e4 46. c7 exf3 47. gxf3 h5 48. c8=Q g5 49. hxg5 h4 50. Re8 h3 51. Rg8+ Kh7 52. Rh8+ Kg6 53. Qg8+ Kf5 54. Qxf7+ Ke5 55. Re8+ Kd4 56. Qd7+ Kc5 57. Qc6+ Kb4 58. Re4+ Kb3 59. Qc4+ Kb2 60. Re2+ Ka3 61. Ra2# 1-0


[Site "https://www.chess.com"]

[Event "Titled Tuesday Blitz January 03 Early 2023"]
[White "Cnejev, Vladimir-Alexandru"]
[Black "Ljukin, Sergei"]
[WhiteFideId "1260898"]
[BlackFideId "14102200"]
[WhiteElo "2374"]
[BlackElo "2362"]
[Result "1-0"]
[Round "05"]
[TimeControl "180+2"]
[Date "2023.01.03"]
[WhiteClock "0:00:02"]
[BlackClock "0:00:09"]

1. e4 e6 2. d4 d5 3. e5 c5 4. c3 Nc6 5. Nf3 Qb6 6. a3 f6 7. Bd3 c4 8. Bc2 fxe5 9. Nxe5 Nf6 10. O-O Bd6 11. Re1 O-O 12. f4 Nd7 13. Nxd7 Bxd7 14. Qh5 h6 15. Qg6 Rf6 16. Qh7+ Kf7 17. Bd1 Bf8 18. Bh5+ Ke7 19. f5 e5 20. Kh1 Bxf5 21. Qh8 e4 22. Nd2 Kd7 23. Nf1 Rd8 24. Ne3 Be6 25. Bg4 Kc8 26. Bxe6+ Rxe6 27. Qh7 Ne7 28. Rb1 Ng6 29. b3 cxb3 30. c4 dxc4 31. Nxc4 Qxd4 32. Be3 Qxc4 33. Rbc1 Qxc1 34. Rxc1+ Kb8 35. Qg8 b2 36. Rb1 Red6 37. Qb3 Rb6 38. Bxb6 axb6 39. Qxb2 Nf4 40. Qf2 Nd5 41. h3 e3 42. Qe2 Bc5 43. Rd1 Rd7 44. Qc4 e2 45. Qxe2 Nc3 46. Qe8+ Kc7 47. Qxd7+ 1-0


[Site "https://www.chess.com"]

[Event "Titled Tuesday Blitz January 03 Early 2023"]
[White "Gascon Del Nogal, Jose Rafael"]
[Black "Legenia, Artem"]
[WhiteFideId "3902463"]
[BlackFideId "14136945"]
[WhiteElo "2459"]
[BlackElo "2092"]
[Result "1-0"]
[Round "05"]
[TimeControl "180+2"]
[Date "2023.01.03"]
[WhiteClock "0:00:59"]
[BlackClock "0:01:59"]

1. e4 c5 2. Nf3 e6 3. d4 cxd4 4. Nxd4 d6 5. c4 Nf6 6. Nc3 a6 7. Be2 g6 8. Be3 Bg7 9. Qd2 d5 10. cxd5 exd5 11. e5 Ne4 12. Nxe4 dxe4 13. Bg5 Qd5 14. Bf6 O-O 15. h4 h5 16. g4 Nc6 17. Nxc6 Qxd2+ 18. Kxd2 bxc6 19. gxh5 Re8 20. hxg6 fxg6 21. Rag1 Bxf6 22. exf6 Kf7 23. h5 gxh5 24. Bxh5+ 1-0


[Site "https://www.chess.com"]

[Event "Titled Tuesday Blitz January 03 Early 2023"]
[White "Martinez Ramirez, Lennis"]
[Black "Pein, Jonathan"]
[WhiteFideId "3509079"]
[BlackFideId "417092"]
[WhiteElo "2426"]
[BlackElo "2265"]
[Result "1-0"]
[Round "05"]
[TimeControl "180+2"]
[Date "2023.01.03"]
[WhiteClock "0:00:58"]
[BlackClock "0:00:02"]

1. d4 Nf6 2. c4 g6 3. Nc3 Bg7 4. e4 O-O 5. h3 Nc6 6. d5 Nb8 7. e5 Ne8 8. Nf3 d6 9. Bf4 Nd7 10. exd6 cxd6 11. Rc1 Qb6 12. Qd2 e5 13. dxe6 fxe6 14. Be3 Qa5 15. a3 Rxf3 16. gxf3 b6 17. f4 Bb7 18. Rg1 Nef6 19. Qxd6 Nf8 20. Rg5 Ne4 21. Rxa5 Nxd6 22. Ra4 Nd7 23. Nb5 Nf5 24. Rxa7 Rxa7 25. Nxa7 Bxb2 26. Rd1 Nc5 27. Nb5 Bc6 28. Rd8+ Kg7 29. Rb8 Nd7 30. Rc8 Bxb5 31. cxb5 Kf6 32. a4 Ba3 33. Rc7 Bb4+ 34. Kd1 Nxe3+ 35. fxe3 Nc5 36. Rxh7 Nxa4 37. e4 Nc3+ 38. Kc2 Nxe4 39. Kb3 Bc5 40. Bg2 Nd6 41. Bc6 Be3 42. Rh4 Nf5 43. Rg4 Nh6 44. Rg2 Bxf4 45. Be4 g5 46. Kc4 Nf7 47. Ra2 Nd6+ 48. Kd3 Nxb5 49. Ra6 Nd6 50. Rxb6 Nxe4 51. Kxe4 Bc7 52. Rb7 Bf4 53. h4 e5 54. h5 g4 55. Rb6+ Kg7 56. Rg6+ Kh7 57. Rxg4 Kh6 58. Rh4 Bg3 59. Rh1 Bf4 60. Kf5 Bg3 61. Kg4 Bf2 62. Ra1 e4 63. Ra6+ Kh7 64. Re6 e3 65. h6 Bg1 66. Kg5 Bf2 67. Re7+ Kg8 68. h7+ Kf8 69. Re4 Kg7 70. Re7+ Kh8 71. Kg6 Bh4 72. Re8# 1-0


[Site "https://www.chess.com"]

[Event "Titled Tuesday Blitz January 03 Early 2023"]
[White "Leenhouts, Koen"]
[Black "Mazurkiewicz, Michal"]
[WhiteFideId "1008439"]
[BlackFideId "1124943"]
[WhiteElo "2447"]
[BlackElo "2145"]
[Result "1-0"]
[Round "05"]
[TimeControl "180+2"]
[Date "2023.01.03"]
[WhiteClock "0:00:14"]
[BlackClock "0:00:07"]

1. d4 Nf6 2. c4 e5 3. dxe5 Ng4 4. e4 Nxe5 5. f4 Nec6 6. Nc3 Bc5 7. Na4 Bb4+ 8. Kf2 O-O 9. a3 Be7 10. Nf3 d6 11. Bd3 f5 12. Nc3 Nd7 13. b4 Nf6 14. Re1 Ng4+ 15. Kg1 Bf6 16. Bb2 Nd4 17. exf5 Nxf3+ 18. gxf3 Bd4+ 19. Kg2 Nf2 20. Qe2 Qh4 21. Nd5 Qh3+ 22. Kg1 Nxd3+ 23. Bxd4 Nxe1 24. Rxe1 Bxf5 25. Nxc7 Rac8 26. Nd5 Qh6 27. Ne7+ Kh8 28. Nxc8 Rxc8 29. Qe8+ 1-0


[Site "https://www.chess.com"]

[Event "Titled Tuesday Blitz January 03 Early 2023"]
[White "Buscar, Michael"]
[Black "Florescu, Codrut-Constantin"]
[WhiteFideId "2603616"]
[BlackFideId "1202200"]
[WhiteElo "2041"]
[BlackElo "2259"]
[Result "0-1"]
[Round "05"]
[TimeControl "180+2"]
[Date "2023.01.03"]
[WhiteClock "0:00:10"]
[BlackClock "0:01:37"]

1. d4 Nf6 2. c4 e6 3. Nc3 Bb4 4. e3 O-O 5. Bd3 d5 6. Ne2 c5 7. O-O dxc4 8. Bxc4 Qe7 9. a3 Ba5 10. dxc5 Qxc5 11. Ba2 Qh5 12. Ng3 Qxd1 13. Rxd1 Bxc3 14. bxc3 Nc6 15. a4 b6 16. Ba3 Re8 17. Rd6 Na5 18. Rad1 Ba6 19. Bb4 Nc4 20. Bxc4 Bxc4 21. a5 bxa5 22. Bxa5 Bd5 23. Rb1 Reb8 24. Rxb8+ Rxb8 25. Rd8+ Rxd8 26. Bxd8 Bc4 27. e4 Kf8 28. f3 Ke8 29. Ba5 Kd7 30. Kf2 Kc6 31. Bb4 Kb5 32. Ne2 Bxe2 33. Kxe2 Kc4 34. Kd2 Nd7 35. h4 h5 36. Ba5 Ne5 37. Bd8 Nc6 38. Bc7 a5 39. Kc2 a4 40. Bd6 Na7 41. Bf8 g6 42. g4 Nb5 43. Bb4 Nd4+ 44. cxd4 Kxb4 45. f4 Kc4 46. f5 Kxd4 47. gxh5 gxh5 0-1


[Site "https://www.chess.com"]

[Event "Titled Tuesday Blitz January 03 Early 2023"]
[White "Murtazin, Ruslan"]
[Black "MKlose11"]
[WhiteFideId "24175960"]
[WhiteElo "2247"]
[BlackElo "2554"]
[Result "1-0"]
[Round "05"]
[TimeControl "180+2"]
[Date "2023.01.03"]
[WhiteClock "0:00:19"]
[BlackClock "0:00:08"]

1. e4 e6 2. Nf3 d5 3. Nc3 d4 4. Ne2 c5 5. c3 dxc3 6. bxc3 Nc6 7. Ng3 Nf6 8. Be2 Bd6 9. d3 h5 10. Bg5 Qa5 11. Qd2 c4 12. d4 Bxg3 13. Bxf6 Bxf2+ 14. Kxf2 gxf6 15. Bxc4 Bd7 16. Rac1 Rc8 17. Bb3 Qb6 18. Rb1 Na5 19. Rhf1 Qc7 20. Rbc1 Bb5 21. Rfe1 Bc4 22. Qd1 a6 23. e5 f5 24. Nd2 b5 25. Qf3 Nxb3 26. axb3 Bd5 27. Qh3 Rg8 28. g3 Kd7 29. Qh4 Rg6 30. Qxh5 f4 31. c4 Qa5 32. Qe2 fxg3+ 33. hxg3 Rh8 34. Nf1 Qb6 35. cxd5 Qxd4+ 36. Qe3 Qxe3+ 37. Nxe3 exd5 38. Nxd5 Rh2+ 39. Kf3 Rb2 40. Re3 a5 41. Ra1 a4 42. bxa4 bxa4 43. Rxa4 Rc6 44. Ra7+ Ke8 45. Nf4 Rcc2 46. e6 fxe6 47. Rxe6+ Kf8 48. Ng6+ Kg8 49. Re8# 1-0


[Site "https://www.chess.com"]

[Event "Titled Tuesday Blitz January 03 Early 2023"]
[White "Dev, Shah"]
[Black "Babikov, Ivan"]
[WhiteFideId "35019058"]
[BlackFideId "4161106"]
[WhiteElo "2334"]
[BlackElo "2239"]
[Result "1-0"]
[Round "05"]
[TimeControl "180+2"]
[Date "2023.01.03"]
[WhiteClock "0:00:16"]
[BlackClock "0:00:02"]

1. d4 c5 2. d5 e5 3. dxe6 fxe6 4. e4 Nf6 5. Nc3 Be7 6. e5 Nd5 7. Nxd5 exd5 8. Qxd5 Qb6 9. Nf3 Qe6 10. Qxe6 dxe6 11. Bb5+ Bd7 12. Bxd7+ Nxd7 13. O-O O-O 14. Rd1 Nb6 15. b3 Nd5 16. Bb2 Rad8 17. c4 Nb4 18. Kf1 Nd3 19. Bc3 b6 20. Rd2 a6 21. Rad1 Nf4 22. Rxd8 Rxd8 23. Rxd8+ Bxd8 24. g3 Nd3 25. Bd2 Bc7 26. Bf4 Nb4 27. a3 Nc2 28. Bc1 b5 29. Bb2 b4 30. a4 Bb6 31. Ke2 Bc7 32. Kd3 Na3 33. Nd2 1-0


[Site "https://www.chess.com"]

[Event "Titled Tuesday Blitz January 03 Early 2023"]
[White "Md, Imran"]
[Black "Tologon tegin, Semetei"]
[WhiteFideId "25748580"]
[BlackFideId "13800574"]
[WhiteElo "2284"]
[BlackElo "2372"]
[Result "0-1"]
[Round "05"]
[TimeControl "180+2"]
[Date "2023.01.03"]
[WhiteClock "0:00:23"]
[BlackClock "0:00:06"]

1. d4 Nf6 2. Bf4 c5 3. d5 Qb6 4. Nc3 Qxb2 5. Bd2 Qb6 6. e4 d6 7. f4 a6 8. e5 dxe5 9. fxe5 Ng4 10. Nf3 g6 11. h3 Nh6 12. g4 Bg7 13. Bg2 Nd7 14. Qe2 c4 15. Rb1 Qc5 16. Be3 Qa5 17. Bd2 O-O 18. O-O e6 19. dxe6 fxe6 20. Qxc4 Nxe5 21. Nxe5 Qxe5 22. Rxf8+ Bxf8 23. Ne4 b5 24. Bc3 bxc4 25. Bxe5 Ra7 26. Nf6+ Kf7 27. Rb8 Bc5+ 28. Kh1 Bd7 29. Nxh7 Bb5 30. Ng5+ Ke7 31. Rh8 Nf7 32. Rh7 Ke8 33. Bb8 Rd7 34. Nxe6 Rd1+ 35. Kh2 Bd6+ 36. Bxd6 Rxd6 37. Nc7+ Kf8 38. Bd5 Ng5 39. h4 Nxh7 40. Kg3 Nf6 41. Ne6+ Ke7 42. Nf4 Nxd5 43. Ne2 Re6 44. Nd4 Re3+ 45. Kf2 Ra3 46. h5 gxh5 47. gxh5 Kf6 48. h6 Kg6 49. Nxb5 axb5 0-1


[Site "https://www.chess.com"]

[Event "Titled Tuesday Blitz January 03 Early 2023"]
[White "Mihajlov, Sebastian"]
[Black "Ovezdurdyyeva, Jemal"]
[WhiteFideId "1512110"]
[BlackFideId "14001888"]
[WhiteElo "2373"]
[BlackElo "2078"]
[Result "1-0"]
[Round "05"]
[TimeControl "180+2"]
[Date "2023.01.03"]
[WhiteClock "0:00:27"]
[BlackClock "0:00:12"]

1. e4 d6 2. d4 Nf6 3. Nc3 g6 4. Be3 c6 5. f3 b5 6. g4 Bg7 7. Qd2 h5 8. g5 Nfd7 9. f4 e6 10. Nf3 a6 11. f5 exf5 12. exf5 gxf5 13. Bd3 Nf8 14. Nh4 f4 15. Bxf4 Qe7+ 16. Ne2 Bxd4 17. O-O-O Be5 18. Bxe5 dxe5 19. Ng3 Rg8 20. Ne4 Nh7 21. Qf2 Bg4 22. Nd6+ Qxd6 23. Bxh7 Bxd1 24. Rxd1 Qf8 25. Qd2 Qe7 26. Bxg8 Nd7 27. Nf5 Qe6 28. Ng7+ 1-0


[Site "https://www.chess.com"]

[Event "Titled Tuesday Blitz January 03 Early 2023"]
[White "Graca, Robert"]
[Black "Leschinsky, Gary"]
[WhiteFideId "644943"]
[BlackFideId "30951321"]
[WhiteElo "2270"]
[BlackElo "1969"]
[Result "1-0"]
[Round "05"]
[TimeControl "180+2"]
[Date "2023.01.03"]
[WhiteClock "0:02:12"]
[BlackClock "0:01:57"]

1. Nf3 c5 2. c4 Nc6 3. d4 cxd4 4. Nxd4 Nf6 5. Nc3 e6 6. g3 Be7 7. Bg2 O-O 8. O-O a6 9. b3 Qc7 10. Bb2 d6 11. Rc1 Nxd4 12. Qxd4 Bd7 13. Rfd1 Bc6 14. Nd5 Qd8 15. Nxe7+ Qxe7 16. Bxc6 bxc6 17. Qxd6 Qxd6 18. Rxd6 Rfc8 19. Rcd1 Ne8 20. Rd7 Rc7 21. Rxc7 Nxc7 22. Rd6 1-0


[Site "https://www.chess.com"]

[Event "Titled Tuesday Blitz January 03 Early 2023"]
[White "Lacasa Diaz, Jose Antonio"]
[Black "Mostbauer, Maximilian"]
[WhiteFideId "2203375"]
[BlackFideId "1626680"]
[WhiteElo "2359"]
[BlackElo "2167"]
[Result "0-1"]
[Round "05"]
[TimeControl "180+2"]
[Date "2023.01.03"]
[WhiteClock "0:00:14"]
[BlackClock "0:00:18"]

1. e4 e6 2. d4 d5 3. e5 c5 4. c3 cxd4 5. cxd4 Ne7 6. Nf3 Nd7 7. Nc3 Nc6 8. Bd3 a5 9. O-O Nb6 10. b3 Bd7 11. Bg5 Be7 12. h4 Nb4 13. Nb5 O-O 14. Bxe7 Qxe7 15. Bxh7+ Kxh7 16. Ng5+ Kh6 17. Nd6 f5 18. Qd2 f4 19. Rac1 Nc6 20. Rc3 Be8 21. g3 Bg6 22. gxf4 Bf5 23. Rg3 Nc8 24. Nxb7 g6 25. Nc5 Nd8 26. h5 gxh5 27. Kg2 Nf7 28. Rh1 Rg8 29. Qe2 Bg6 30. f5 exf5 31. Qe3 Nxg5 32. Ne6 Bf7 33. Nxg5 Rxg5 34. Rh4 Kg6 35. e6 Rxg3+ 36. Qxg3+ Kf6 37. exf7 Qxf7 38. Rf4 Ne7 39. Qh4+ Ke6 40. Rf3 Rg8+ 41. Rg3 Rg4 42. Rxg4 hxg4 43. Qg3 Qf6 44. Qc7 Qxd4 45. Qb6+ Qxb6 46. Kg3 a4 0-1


[Site "https://www.chess.com"]